[Event "Late-Titled-Tuesday-Blitz-September-05-2023"]
[Site "Chess.com"]
[Date "2023.09.05"]
[Round "5"]
[White "Tomytoteph"]
[Black "gunslinger222"]
[Result "1-0"]
[WhiteElo "2624"]
[BlackElo "2448"]
[TimeControl "180+1"]
[EndTime "14:56:22 PDT"]
[Termination "Tomytoteph won on time"]

1. e4 e6 2. d4 d5 3. Nd2 Nc6 4. Ngf3 Nf6 5. e5 Nd7 6. c3 f6 7. exf6 Qxf6 8. Bd3 e5 9. dxe5 Ndxe5 10. Nxe5 Nxe5 11.
Nf3 Bg4 12. Be2 Bxf3 13. gxf3 O-O-O 14. Be3 d4 15. cxd4 Bb4+ 16. Kf1 Rhf8 17. Qb3 Nc6 18. Rg1 Nxd4 19. Qxb4 Nxe2 20. Kxe2 Qxf3+ 21. Ke1 Rf5 22. Rc1 h5 23. Qc4 c6 24. b4 Rfd5 25. Qc2 Re8 26. Qe2 Qe4 27. b5 Qe6 28. bxc6 bxc6 29. Qa6+ Kd7 30.
Rxg7+ Re7 31. Qxa7+ Ke8 32. Qxe7+ Qxe7 33. Rxe7+ Kxe7 34. Rxc6 1-0

[Event "Late-Titled-Tuesday-Blitz-September-05-2023"]
[Site "Chess.com"]
[Date "2023.09.05"]
[Round "5"]
[White "Roedor"]
[Black "cande_francisco"]
[Result "0-1"]
[WhiteElo "2420"]
[BlackElo "2566"]
[TimeControl "180+1"]
[EndTime "14:56:22 PDT"]
[Termination "cande_francisco won by resignation"]

1. d4 Nf6 2. c4 c5 3. d5 e6 4. Nc3 exd5 5. cxd5 d6 6. e4 g6 7. h3 Bg7 8. Bd3 O-O 9. Bg5 h6 10. Be3 Re8 11. Nf3 c4 12. Bc2 b5 13. a3 a5 14. O-O Bb7 15. Qd2 b4 16. axb4 axb4 17.
Nb5 Nxe4 18. Bxe4 Rxe4 19. Rxa8 Bxa8 20. Bxh6 Na6 21. Ra1 Bb7 22. Bxg7 Kxg7 23. Nbd4 Nc5 24. Ra7 Bxd5 25. Nf5+ gxf5 26. Qxd5 Qf6 27. Ng5 Re7 28. Rxe7 Qxe7 29. Qxf5 Qe1+ 30. Kh2 Qe5+ 31. Qxe5+ dxe5 32. Nf3 Nd3 33. Kg3 c3 34. bxc3 bxc3 35. Ng1 Nf4 36.
Nf3 c2 37. Nxe5 c1=Q 38. Ng4 Ne2+ 39. Kf3 Nd4+ 40. Kg3 Qc3+ 41. Ne3 Nf5+ 42. Kf4 Nxe3 43. fxe3 Kg6 44. g4 Qd3 45. h4 Qf1+ 46. Kg3 Qe2 47.
h5+ Kg5 0-1

[Event "Late-Titled-Tuesday-Blitz-September-05-2023"]
[Site "Chess.com"]
[Date "2023.09.05"]
[Round "5"]
[White "Godzillator"]
[Black "Djager97"]
[Result "0-1"]
[WhiteElo "2332"]
[BlackElo "2513"]
[TimeControl "180+1"]
[EndTime "14:56:22 PDT"]
[Termination "Djager97 won by resignation"]

1. Nf3 d5 2. d4 Nf6 3. b3 Bf5 4. Bb2 e6 5. e3 h6 6. Bd3 Bxd3 7. Qxd3 c5 8. dxc5 Nbd7 9. Ba3 Qc7 10. c6 bxc6 11. Bxf8 Kxf8 12. O-O g6 13. c4 Kg7 14. Nc3 Ne5 15. Nxe5 Qxe5 16. cxd5 cxd5 17. Rac1 Rac8 18. Nb5 Qb2 19. Rxc8 Rxc8 20. Nxa7 Ra8 21. Nc6 Rxa2 22. Nd4 Ne4 23. Qb1 Qxb1 24. Rxb1 Nxf2 25. b4 Ne4 26. b5 Nc3 27. Rc1 Ne2+ 28. Nxe2 Rxe2 29. Rb1 Ra2 30.
b6 Ra8 31. Kf2 Kf6 32. Kf3 Ke5 33. g4 Kd6 34. h4 Kc6 35. Kf4 Rb8 36. Ke5 Rxb6 37. Rc1+ Kd7 38. Kf6 Rb4 39. g5 Rxh4 40.
Kxf7 hxg5 41. Ra1 Re4 42. Kxg6 Rxe3 43. Kxg5 Kd6 44. Kf4 Re4+ 45. Kf3 Ke5 46. Rh1 Ra4 47. Rh5+ Kd6 48. Ke3 e5 49. Kd3 Ra3+ 50. Kd2 d4 51.
Rh8 Kd5 52. Rh4 e4 53. Rh5+ Kc4 54. Re5 Ra2+ 55. Kd1 Kd3 56. Kc1 e3 57. Kb1 Rh2 58.
Kc1 Rh1+ 59. Kb2 e2 0-1

[Event "Late-Titled-Tuesday-Blitz-September-05-2023"]
[Site "Chess.com"]
[Date "2023.09.05"]
[Round "5"]
[White "Hikaru"]
[Black "vugarrasulov"]
[Result "1-0"]
[WhiteElo "3253"]
[BlackElo "2969"]
[TimeControl "180+1"]
[EndTime "14:56:23 PDT"]
[Termination "Hikaru won by resignation"]

1. a3 g6 2. e4 Bg7 3. d4 d6 4.
Bc4 Nf6 5. Qe2 d5 6. exd5 Nxd5 7. c3 O-O 8. Nf3 b6 9. O-O Bb7 10. Bg5 h6 11. Bh4 Nf4 12. Qxe7 Qxe7 13. Bxe7 Re8 14.
Bh4 Nxg2 15. Kxg2 g5 16. Bg3 g4 17. Nd2 Nd7 18. Rfe1 Nf6 19. Bb5 Rxe1 20. Rxe1 a6 21. Be2 Re8 22. Kf1 gxf3 23. Bxf3 Rxe1+ 24. Kxe1 Bxf3 25. Nxf3 Ne8 26. Nh4 Bf8 27. Ke2 Bd6 28. Nf5 Bxg3 29. fxg3 Kh7 30. Kf3 Kg6 31. Kf4 h5 32. c4 Kf6 33. h4 Kg6 34. a4 a5 35.
b3 Kf6 36. g4 hxg4 37. Kxg4 c6 38. h5 Nc7 39. Ne3 Kg7 40. d5 cxd5 41. cxd5 Na6 42. Nf5+ Kf6 43. h6 Kg6 44. d6 Nc5 45. Kf4 f6 46.
Ke3 Nd7 47. Kd4 Ne5 48. Kd5 Nf7 49. d7 1-0

[Event "Late-Titled-Tuesday-Blitz-September-05-2023"]
[Site "Chess.com"]
[Date "2023.09.05"]
[Round "5"]
[White "rochaaaaaaaaaa"]
[Black "Evhen_Taranenko"]
[Result "0-1"]
[WhiteElo "2268"]
[BlackElo "2455"]
[TimeControl "180+1"]
[EndTime "14:56:23 PDT"]
[Termination "Evhen_Taranenko won by checkmate"]

1. e4 c5 2. Nf3 d6 3. d4 cxd4 4. Nxd4 Nf6 5. Nc3 g6 6. Be3 Bg7 7. f3 O-O 8. Qd2 Nc6 9. O-O-O d5 10. exd5 Nxd5 11. Nxc6 bxc6 12. Bd4 e5 13. Bc5 Be6 14.
Ne4 Re8 15. h4 h6 16. h5 g5 17. g4 Qc7 18. Bc4 Rad8 19. Qf2 Rd7 20. b3 a5 21. a4 Nf4 22. Rxd7 Qxd7 23. Rd1 Bd5 24. Ng3 Qe6 25. Bf1 Rb8 26. Nf5 Bf6 27. Bd6 Rb7 28. Ba6 Rd7 29.
Ba3 Qe8 30. Nxh6+ Kh7 31. Nf5 e4 32. fxe4 Qxe4 33. Bd3 Nxd3+ 34. Rxd3 Qh1+ 35. Rd1 Qxd1+ 36. Kxd1 Bf3+ 37. Kc1 Rd1# 0-1

[Event "Late-Titled-Tuesday-Blitz-September-05-2023"]
[Site "Chess.com"]
[Date "2023.09.05"]
[Round "5"]
[White "temus_galaktionov"]
[Black "jup1978"]
[Result "1/2-1/2"]
[WhiteElo "2799"]
[BlackElo "2545"]
[TimeControl "180+1"]
[EndTime "14:56:25 PDT"]
[Termination "Game drawn - insufficient material"]

1. d4 d5 2. c4 c6 3. Nf3 Nf6 4.
Qb3 dxc4 5. Qxc4 Bf5 6. Nc3 e6 7.
g3 Nbd7 8. Bg2 Be7 9. Qb3 Qb6 10. Nd2 e5 11. d5 Qxb3 12. Nxb3 cxd5 13. Nxd5 Nxd5 14.
Bxd5 Rb8 15. Be3 Bb4+ 16. Kf1 Bh3+ 17. Bg2 Bxg2+ 18. Kxg2 b6 19. Rac1 Bd6 20. Rhd1 Ke7 21. Rc6 Bc5 22. Rc7 Bd6 23. Rxa7 Ra8 24. Rxa8 Rxa8 25.
a3 Rc8 26. Rc1 Rxc1 27. Nxc1 Ke6 28. Kf1 e4 29. Bd4 g6 30. Ke1 f5 31. Kd2 Kd5 32.
Kc3 Be5 33. Bxe5 Nxe5 34. h3 h5 35. Na2 Kc5 36. b4+ Kd5 37. a4 g5 38. e3 h4 39.
gxh4 gxh4 40. a5 bxa5 41. bxa5 Nf7 42. a6 Kc6 43. Nb4+ Kb6 44. Nd5+ Kxa6 45. Ne7 Ng5 46. Nxf5 Nxh3 47. Nxh4 Nxf2 48. Kd4 Ng4 49. Kxe4 Nxe3 1/2-1/2

[Event "Late-Titled-Tuesday-Blitz-September-05-2023"]
[Site "Chess.com"]
[Date "2023.09.05"]
[Round "5"]
[White "GarayevKanan"]
[Black "bazar-wokzal"]
[Result "1-0"]
[WhiteElo "2710"]
[BlackElo "2516"]
[TimeControl "180+1"]
[EndTime "14:56:25 PDT"]
[Termination "GarayevKanan won by resignation"]

1. Nf3 c5 2. c3 d5 3. d4 e6 4.
Bf4 Nf6 5. e3 Bd6 6. Bg3 Nc6 7.
Nbd2 Qe7 8. Bb5 Bd7 9. O-O Bxg3 10. hxg3 Ng4 11. Nb3 c4 12. Nc5 O-O 13. e4 Be8 14.
exd5 exd5 15. Re1 Qc7 16. b3 a6 17. Bxc6 Bxc6 18. bxc4 dxc4 19. d5 Rad8 20. Nd4 Rxd5 21. Nce6 fxe6 22. Qxg4 e5 23. Nf5 Rf6 24. Ne3 Rc5 25.
Rad1 h6 26. Nxc4 Bxg2 27. Rd7 Qxd7 28. Qxd7 Bc6 29. Qd8+ Kh7 30. Nxe5 Bd5 31. Nd7 1-0

[Event "Late-Titled-Tuesday-Blitz-September-05-2023"]
[Site "Chess.com"]
[Date "2023.09.05"]
[Round "5"]
[White "ckgchess"]
[Black "Alexei_Gubajdullin"]
[Result "1-0"]
[WhiteElo "2845"]
[BlackElo "2606"]
[TimeControl "180+1"]
[EndTime "14:56:26 PDT"]
[Termination "ckgchess won on time"]

1. e4 g6 2. d4 d6 3. Nc3 a6 4.
h4 h6 5. Be3 Nf6 6. f3 b5 7. Qd2 b4 8. Nce2 a5 9. g4 Nfd7 10. h5 g5 11. Ng3 Nb6 12. d5 Bg7 13. Bd4 Bxd4 14. Qxd4 f6 15. Bb5+ Kf7 16. N1e2 N8d7 17.
Bxd7 Nxd7 18. a3 Ne5 19. Kf2 Rb8 20. b3 Kg7 21. axb4 axb4 22. Ra7 c5 23. Qd2 Qb6 24. Rha1 Re8 25. Kg2 Bd7 26. Nc1 c4 27. bxc4 Nxc4 28.
Qf2 Ne3+ 29. Kh3 Rbc8 30. Rxd7 Rxc2 31. Qxe3 Qb5 32. Nce2 b3 33. Rda7 b2 34. Rb1 Qc4 35.
Nf5+ Kf8 36. Nfd4 Rb8 37. Rc7 1-0

[Event "Late-Titled-Tuesday-Blitz-September-05-2023"]
[Site "Chess.com"]
[Date "2023.09.05"]
[Round "5"]
[White "PNEPaul"]
[Black "nitpicker"]
[Result "0-1"]
[WhiteElo "1880"]
[BlackElo "2272"]
[TimeControl "180+1"]
[EndTime "14:56:26 PDT"]
[Termination "nitpicker won on time"]

1. e4 c5 2. d4 cxd4 3. c3 dxc3 4. Nxc3 Nc6 5. Nf3 d6 6. Bc4 a6 7. O-O Nf6 8. Qe2 Bg4 9. Be3 e6 10. Rfd1 Qb8 11. Bb6 Ne5 12. Bb3 Be7 13. Qe3 O-O 14. Rd2 Bxf3 15. gxf3 Rc8 16. f4 Nc4 17. Bxc4 Rxc4 18. Rad1 Qe8 19. h3 Nd7 20. b3 Rc6 21. Ba5 b6 22. Bb4 Rac8 23. Ne2 Nc5 24. Bxc5 bxc5 25.
Ng3 g6 26. Qf3 Qf8 27. Kg2 Qg7 28. Rg1 c4 29. bxc4 Rxc4 30. Kh1 Rc3 31. Qg2 Qh6 32.
Rdd1 Qxf4 33. Nh5 Qf3 34. Qxf3 Rxf3 35. Ng3 Rxf2 0-1

[Event "Late-Titled-Tuesday-Blitz-September-05-2023"]
[Site "Chess.com"]
[Date "2023.09.05"]
[Round "5"]
[White "cthulhuuu"]
[Black "farzadbfd"]
[Result "0-1"]
[WhiteElo "2464"]
[BlackElo "2678"]
[TimeControl "180+1"]
[EndTime "14:56:27 PDT"]
[Termination "farzadbfd won by resignation"]

1. e4 e5 2. Nf3 Nc6 3. Bb5 a6 4.
Bxc6 dxc6 5. O-O f6 6. d4 exd4 7. Nxd4 c5 8. Nb3 Qxd1 9. Rxd1 Bd7 10. Nc3 O-O-O 11. Bf4 Bc6 12. Rxd8+ Kxd8 13. Rd1+ Kc8 14. Nd5 Bxd5 15. Rxd5 b6 16. a4 Ne7 17. Rd1 Ng6 18.
Bg3 Be7 19. a5 Rd8 20. Rxd8+ Bxd8 21. c4 Kd7 22. f4 Kc6 23. Kf2 b5 24. Nd2 bxc4 25.
Nxc4 Kb5 26. b3 Kb4 27. Ke2 Kxb3 28. Kd3 Ne7 29. e5 f5 30. Bh4 Nc6 31. Bxd8 Nxd8 32. Ne3 Ne6 33. g3 g6 34. h4 h5 35. Nd5 c4+ 36. Kd2 Kb2 37. Nc3 Nc5 38. Nd1+ Kb3 39. Ke3 c3 40. Kd4 c2 41. Ne3 c1=Q 42. Kd5 Qxe3 0-1

[Event "Late-Titled-Tuesday-Blitz-September-05-2023"]
[Site "Chess.com"]
[Date "2023.09.05"]
[Round "5"]
[White "pouya21"]
[Black "Russian_berezka"]
[Result "1-0"]
[WhiteElo "2806"]
[BlackElo "2590"]
[TimeControl "180+1"]
[EndTime "14:56:28 PDT"]
[Termination "pouya21 won by resignation"]

1. d4 Nf6 2. c4 e6 3. g3 d5 4.
Bg2 c6 5. Nf3 b6 6. O-O Be7 7.
Qc2 O-O 8. Nbd2 c5 9. dxc5 bxc5 10. e3 Nc6 11. b3 Qb6 12. Bb2 Rd8 13. Rac1 Nb4 14.
Qb1 Ba6 15. Rfd1 Rac8 16. a3 Nc6 17. cxd5 exd5 18. Nh4 Na5 19. Nf5 Bf8 20. b4 cxb4 21.
Rxc8 Bxc8 22. Bd4 Bc5 23. Ne7+ Kf8 24. Nxc8 Rxc8 25. Bxf6 Qxf6 26. axb4 Rb8 27. Qxh7 Rxb4 28. Qh8+ Ke7 29. Bxd5 Qe5 30. Nf3 Qc3 31. Ba8 Bb6 32. Qh5 Qc2 33. Qe5+ Kf8 34. Rd7 Qg6 35. Qe7+ Kg8 36. Qxb4 Qf5 37. Qe7 Qxf3 38. Bxf3 Bd4 39. Qxf7+ Kh8 40. h4 g5 41. h5 1-0

[Event "Late-Titled-Tuesday-Blitz-September-05-2023"]
[Site "Chess.com"]
[Date "2023.09.05"]
[Round "5"]
[White "Nekoo04"]
[Black "Keaton87"]
[Result "0-1"]
[WhiteElo "2310"]
[BlackElo "2616"]
[TimeControl "180+1"]
[EndTime "14:56:30 PDT"]
[Termination "Keaton87 won on time"]

1. d4 Nf6 2. c4 g6 3. Nc3 Bg7 4.
e4 d6 5. Nf3 O-O 6. Be2 Nbd7 7.
O-O e5 8. d5 Nc5 9. Qc2 a5 10.
Bg5 h6 11. Be3 b6 12. Nd2 Nh7 13. a3 a4 14. Bxc5 bxc5 15. Nxa4 f5 16. b4 cxb4 17. axb4 h5 18. c5 h4 19. b5 h3 20. g3 Bh6 21. c6 Bxd2 22. Qxd2 Ng5 23. exf5 gxf5 24. b6 cxb6 25. c7 Qf6 26. Nxb6 Rxa1 27. Rxa1 f4 28. g4 f3 29. Bf1 Ne4 30. Qc2 Qg6 31. Ra8 Bxg4 32. Rxf8+ Kxf8 33. Kh1 Bf5 0-1

[Event "Late-Titled-Tuesday-Blitz-September-05-2023"]
[Site "Chess.com"]
[Date "2023.09.05"]
[Round "5"]
[White "Nick12772"]
[Black "TheMagician"]
[Result "1/2-1/2"]
[WhiteElo "2336"]
[BlackElo "2083"]
[TimeControl "180+1"]
[EndTime "14:56:30 PDT"]
[Termination "Game drawn by repetition"]

1. Nf3 d5 2. g3 c6 3. Bg2 Bf5 4. O-O h6 5. d4 Nf6 6. b3 e6 7.
Bb2 Nbd7 8. Nbd2 Bd6 9. e3 Qe7 10. Re1 O-O 11. a3 Bh7 12. b4 e5 13. dxe5 Nxe5 14.
Nxe5 Bxe5 15. Bxe5 Qxe5 16. c4 Rad8 17. Nf3 Qb2 18. c5 Ne4 19. Qc1 Qf6 20. Rf1 Bf5 21. Ra2 Ng5 22. Nxg5 hxg5 23. Qb2 Qxb2 24. Rxb2 g4 25. b5 Rc8 26. b6 a6 27. Rd2 Rfe8 28. Rd4 Re5 29. Rfd1 Rce8 30. a4 Be4 31. Bf1 Bf3 32.
R1d2 f5 33. a5 Re4 34. Rxe4 fxe4 35. h4 Kf7 36. Bg2 Rh8 37. Rd4 g5 38. hxg5 Kg6 39.
Rd2 Kxg5 40. Rd4 Kf5 41. Rd2 Ke5 42. Rd4 Rd8 43. Kh2 Rh8+ 44. Kg1 Rd8 45. Kh2 Re8 46. Kg1 Re7 47. Kh2 Rh7+ 48. Kg1 Bxg2 49. Kxg2 Rh8 50. Kg1 Rh7 51. Kg2 Rh3 52. Kg1 Rh7 53. Kg2 1/2-1/2

[Event "Late-Titled-Tuesday-Blitz-September-05-2023"]
[Site "Chess.com"]
[Date "2023.09.05"]
[Round "5"]
[White "talaicito"]
[Black "Kosak12"]
[Result "1-0"]
[WhiteElo "2259"]
[BlackElo "2793"]
[TimeControl "180+1"]
[EndTime "14:56:30 PDT"]
[Termination "talaicito won by resignation"]

1. d4 Nf6 2. Nc3 e6 3. Bf4 d5 4.
e3 a6 5. Nf3 c5 6. dxc5 Bxc5 7.
Bd3 Nc6 8. O-O h6 9. e4 O-O 10. e5 Nd7 11. Qd2 h5 12. Rfe1 b5 13. a3 Bb7 14.
Ne2 Be7 15. Ng3 h4 16. Nh5 g6 17. Nf6+ Nxf6 18. exf6 Bxf6 19. Bxg6 fxg6 20. Rxe6 Qd7 21. Qd3 Kg7 22. Rd6 Qf5 23. Qd2 Rad8 24. Bh6+ Kh7 25. Bxf8 Rxf8 26. Re1 Ne7 27. Nd4 Qg4 28. Rxf6 Rxf6 29. Rxe7+ Kg8 30. Rxb7 h3 31. g3 Qe4 32. f3 Qe5 33. c3 Rf8 34. Kf2 Re8 35.
Rb6 Kg7 36. Rxa6 Qe7 37. Rb6 Qc5 38. Rxb5 Qc4 39. Rb7+ Kg8 40. Qh6 1-0

[Event "Late-Titled-Tuesday-Blitz-September-05-2023"]
[Site "Chess.com"]
[Date "2023.09.05"]
[Round "5"]
[White "dretch"]
[Black "Jahonas"]
[Result "1-0"]
[WhiteElo "2867"]
[BlackElo "2402"]
[TimeControl "180+1"]
[EndTime "14:56:31 PDT"]
[Termination "dretch won on time"]

1. d4 Nf6 2. c4 e6 3. Nc3 b6 4.
e4 d6 5. f4 Bb7 6. Bd3 Nc6 7.
Nf3 e5 8. d5 Nd4 9. Nxd4 exd4 10. Nb5 c5 11. e5 a6 12. exf6 axb5 13. Qe2+ Kd7 14. fxg7 Bxg7 15. Qg4+ Kc7 16. Qxg7 Re8+ 17. Kf2 bxc4 18. Bxc4 Qe7 19. Bd2 Rg8 20. Qh6 Qe4 21. Qh3 Bxd5 22. Bxd5 Qxd5 23. Rhe1 Rge8 24. a4 Kc6 25. a5 bxa5 26. Rxa5 Rxe1 27. Rxa8 Re6 28. Qa3 Qc4 29. Ra6+ Kd5 30. Qf3+ Re4 31. Rxd6+ Kxd6 32. Qxe4 Qb3 33. Bc1 h5 34. f5 f6 35. h4 Qd1 36.
Bf4+ Kd7 37. Qe6+ Kd8 38. Qxf6+ 1-0

[Event "Late-Titled-Tuesday-Blitz-September-05-2023"]
[Site "Chess.com"]
[Date "2023.09.05"]
[Round "5"]
[White "Grossboss19"]
[Black "valemava"]
[Result "1/2-1/2"]
[WhiteElo "2492"]
[BlackElo "2298"]
[TimeControl "180+1"]
[EndTime "14:56:32 PDT"]
[Termination "Game drawn by repetition"]

1. Nc3 a6 2. e4 b5 3. d4 Bb7 4. Bd3 b4 5. Nce2 Nf6 6. Ng3 e6 7. c3 a5 8. Nf3 c5 9. O-O cxd4 10.
cxd4 d6 11. Re1 Nbd7 12. a3 Be7 13. axb4 axb4 14. Rxa8 Qxa8 15. Bd2 d5 16. e5 Ne4 17. Bxe4 dxe4 18. Ng5 Bxg5 19. Bxg5 O-O 20. Be7 Rb8 21. Bd6 Rc8 22. Bxb4 g6 23. Qe2 Qa2 24. Qb5 Bc6 25.
Qe2 Rb8 26. Bc3 Nb6 27. Nxe4 Bxe4 28. Qxe4 Nd5 29. h4 h5 30. Qf3 Qc4 31. Ra1 Rc8 32. Ra7 Rc7 33. Rxc7 Qxc7 34. Qd3 Qa7 35. Qb5 Qa1+ 36. Kh2 Qc1 37. g3 Qc2 38. Kg1 Qb1+ 39. Qf1 Qc2 40. Qe1 Kh7 41. Qd2 Qb1+ 42. Kh2 Qf5 43.
Kg2 Qe4+ 44. Kh2 Qf5 45. Kg2 Qe4+ 46. Kh2 Qf5 1/2-1/2

[Event "Late-Titled-Tuesday-Blitz-September-05-2023"]
[Site "Chess.com"]
[Date "2023.09.05"]
[Round "5"]
[White "thedjoker98"]
[Black "jcibarra"]
[Result "0-1"]
[WhiteElo "2633"]
[BlackElo "2909"]
[TimeControl "180+1"]
[EndTime "14:56:34 PDT"]
[Termination "jcibarra won by resignation"]

1. d4 Nf6 2. c4 d6 3. Nc3 e5 4. d5 Bf5 5. f3 e4 6. g4 Bg6 7. g5 Nh5 8. Nxe4 h6 9. Qd4 Nd7 10.
gxh6 Qh4+ 11. Qf2 Qe7 12. hxg7 Bxg7 13. Bg2 Ndf6 14. Ng3 Nd7 15. e4 Ne5 16. Qe2 Qh4 17. Be3 Nf4 18. Bxf4 Qxf4 19. Nh3 Nxf3+ 20. Qxf3 Qxf3 21. Bxf3 Rxh3 22. O-O-O Be5 23. Rdg1 Rh4 24. Nf5 Rxh2 25. Rxh2 Bxh2 26. Rh1 Be5 27. Bg4 Kf8 28. Kc2 Re8 29. b3 Kg8 30. Kd3 Bf6 31. Nh6+ Kf8 32. Nf5 a5 33. Rh6 Ra8 34. Bh5 Bg7 35. Rxg6 fxg6 36.
Bxg6 a4 37. b4 a3 38. b5 b6 39. Ne3 Be5 40. Nc2 Ke7 41. Nb4 Rh8 42. Bf5 Rh2 43. Be6 Rb2 44. Na6 Rxa2 0-1

[Event "Late-Titled-Tuesday-Blitz-September-05-2023"]
[Site "Chess.com"]
[Date "2023.09.05"]
[Round "5"]
[White "laskakid"]
[Black "MusicCityMaster"]
[Result "1-0"]
[WhiteElo "2249"]
[BlackElo "2433"]
[TimeControl "180+1"]
[EndTime "14:56:34 PDT"]
[Termination "laskakid won by checkmate"]

1. d4 Nf6 2. c4 c5 3. d5 b5 4.
Qc2 e6 5. e4 bxc4 6. Bxc4 exd5 7. exd5 d6 8. Nf3 Be7 9. O-O O-O 10. h3 Nbd7 11. Re1 Nb6 12. b3 Nbxd5 13. Bb2 Nb4 14.
Qd2 d5 15. Bf1 Ne4 16. Qd1 Bf6 17. Qc1 Be6 18. Nbd2 Nxd2 19. Qxd2 Bxb2 20. Qxb2 d4 21. Rac1 Rc8 22. a3 Nd5 23. b4 Nc3 24. bxc5 Rxc5 25.
Qb4 Qc8 26. Nxd4 Bd5 27. Qb2 a5 28. Re3 Ne4 29. Rxc5 Qxc5 30. Nf5 Nf6 31. Rg3 Ne8 32. Rxg7+ Kh8 33. Rxf7+ Nf6 34. Rxf6 Rg8 35. Rf7+ Rg7 36. Qxg7# 1-0

[Event "Late-Titled-Tuesday-Blitz-September-05-2023"]
[Site "Chess.com"]
[Date "2023.09.05"]
[Round "5"]
[White "rasmussvane"]
[Black "Marcin"]
[Result "1-0"]
[WhiteElo "2938"]
[BlackElo "2482"]
[TimeControl "180+1"]
[EndTime "14:56:35 PDT"]
[Termination "rasmussvane won on time"]

1. Nf3 Nf6 2. g3 d5 3. Bg2 g6 4. O-O Bg7 5. d4 O-O 6. c4 c6 7.
Qb3 dxc4 8. Qxc4 Be6 9. Qa4 Nbd7 10. Nc3 Nb6 11. Qc2 Rc8 12. e4 Bg4 13. Rd1 Nfd7 14. h3 Bxf3 15. Bxf3 e5 16. dxe5 Qe7 17. Bg4 Bxe5 18.
f4 Bg7 19. e5 Rcd8 20. Ne4 h5 21. Bf3 Nd5 22. Qf2 h4 23. gxh4 b6 24. Bd2 f6 25.
exf6 N7xf6 26. Ng5 Nh5 27. Re1 Qf6 28. Bxh5 gxh5 29.
Ne6 Qxb2 30. Rab1 Qf6 31. Nxd8 Qxd8 32. Rb3 c5 33. Kh2 Qc7 34. Rg3 Nxf4 35. Reg1 Ne6 36.
Qe2 Qd6 37. Bc3 b5 38. Be5 1-0

[Event "Late-Titled-Tuesday-Blitz-September-05-2023"]
[Site "Chess.com"]
[Date "2023.09.05"]
[Round "5"]
[White "Eloist"]
[Black "MariaFominykh"]
[Result "1-0"]
[WhiteElo "2456"]
[BlackElo "2275"]
[TimeControl "180+1"]
[EndTime "14:56:35 PDT"]
[Termination "Eloist won on time"]

1. e4 e6 2. d4 d5 3. Nc3 Nf6 4. e5 Nfd7 5. f4 c5 6. Nf3 Nc6 7. Be3 a6 8. Ne2 b5 9. c3 Be7 10. g3 O-O 11. Bh3 Qb6 12. O-O cxd4 13. cxd4 Na5 14. b3 f5 15. g4 g6 16. gxf5 exf5 17.
Rc1 Nb7 18. Nc3 Qe6 19. Bg2 Nb6 20. Bf2 b4 21. Ne2 Bd7 22. Bh4 Bxh4 23. Nxh4 Rac8 24.
Qd2 a5 25. Nf3 h6 26. h4 Bb5 27. Rfe1 Rxc1 28. Rxc1 Rc8 29. Rxc8+ Qxc8 30. h5 gxh5 31. Ng3 h4 32. Nh5 Qc3 33. Nf6+ Kf7 34. Qf2 Qc1+ 35. Ne1 Nd6 36. Nxd5 Ne4 37. Bxe4 fxe4 38. Nxb6 Bd7 39. Nxd7 e3 40. Qxh4 Qd2 41. Nf6 Qxd4 42. Qh5+ Ke6 43. Qg4+ Kf7 44. Qd7+ Kg6 45. Qxd4 1-0

[Event "Late-Titled-Tuesday-Blitz-September-05-2023"]
[Site "Chess.com"]
[Date "2023.09.05"]
[Round "5"]
[White "CFalcons8"]
[Black "DawidCzerw"]
[Result "0-1"]
[WhiteElo "2312"]
[BlackElo "2495"]
[TimeControl "180+1"]
[EndTime "14:56:36 PDT"]
[Termination "DawidCzerw won on time"]

1. e4 c5 2. Nf3 Nc6 3. d4 cxd4 4. Nxd4 Nf6 5. Nc3 e5 6. Ndb5 d6 7. Bg5 a6 8. Na3 b5 9. Nd5 Be7 10. Bxf6 Bxf6 11. c4 b4 12. Nc2 a5 13. g3 O-O 14. Bg2 Be6 15. O-O Bg5 16. f4 exf4 17. gxf4 Bh6 18. Qd3 Qd7 19. Kh1 Qa7 20. Qg3 f5 21.
exf5 Bxf5 22. Nce3 Nd4 23. Rad1 Rae8 24. Qf2 Qc5 25. Rxd4 Qxd4 26. Nxf5 Qxf2 27. Nxh6+ gxh6 28. Rxf2 Re1+ 29. Rf1 Re2 30. Bh3 Rxb2 31. Be6+ Kh8 32. f5 Rxa2 33. f6 b3 34. f7 b2 35. Nc3 Ra1 36.
Nb1 Kg7 37. Rg1+ Kf6 38. Bd5 a4 39. Rf1+ Ke7 40. Re1+ Kd7 41. Be6+ Kc7 42. Kg2 a3 43. c5 dxc5 0-1

[Event "Late-Titled-Tuesday-Blitz-September-05-2023"]
[Site "Chess.com"]
[Date "2023.09.05"]
[Round "5"]
[White "jcmesafischer"]
[Black "NowInChess"]
[Result "1-0"]
[WhiteElo "2434"]
[BlackElo "2275"]
[TimeControl "180+1"]
[EndTime "14:56:37 PDT"]
[Termination "jcmesafischer won by checkmate"]

1. Nf3 Nf6 2. c4 g6 3. d4 Bg7 4. Nc3 O-O 5. e4 d6 6. Be2 Na6 7. Be3 Ng4 8. Bg5 h6 9. Bh4 c5 10. d5 Nc7 11. Qd2 b5 12. cxb5 a6 13. h3 Nf6 14.
bxa6 Bxa6 15. O-O g5 16. Bg3 Nd7 17. h4 g4 18. Nh2 h5 19. f3 gxf3 20. Nxf3 Nf6 21.
Rad1 Ng4 22. Bf4 Kh7 23. Ng5+ Kg8 24. Bxg4 hxg4 25. Rf2 Nb5 26. Nxb5 Bxb5 27. Qc2 Ba4 28. b3 Bd7 29. e5 f5 30. exf6 Rxf6 31. Qh7+ Kf8 32.
Be3 Rxf2 33. Bxf2 Qe8 34. Rf1 Bf6 35. Be3 Qd8 36. Qh8# 1-0

[Event "Late-Titled-Tuesday-Blitz-September-05-2023"]
[Site "Chess.com"]
[Date "2023.09.05"]
[Round "5"]
[White "szachmistrz2500"]
[Black "ChessSwole"]
[Result "1-0"]
[WhiteElo "2482"]
[BlackElo "2669"]
[TimeControl "180+1"]
[EndTime "14:56:42 PDT"]
[Termination "szachmistrz2500 won by resignation"]

1. Nf3 b6 2. g3 Bb7 3. Bg2 e6 4. d3 Nf6 5. e4 c5 6. O-O d5 7.
e5 Nfd7 8. Re1 Be7 9. Nbd2 Nc6 10. Nf1 Qc7 11. Qe2 h6 12. h4 O-O-O 13. c4 dxc4 14. dxc4 Nd4 15. Nxd4 cxd4 16. Bd2 Kb8 17. b4 Bxg2 18.
Kxg2 g5 19. h5 Rhe8 20. Nh2 f6 21. Ng4 Nxe5 22. Nxe5 fxe5 23. Qxe5 Qxe5 24. Rxe5 Bf6 25.
Re4 Rc8 26. Rc1 Kb7 27. Kf3 Rc6 28. Ke2 Bg7 29. Kd3 Rd8 30. f4 gxf4 31. Bxf4 Rf8 32. Rce1 e5 33. Bxe5 Bxe5 34. Rxe5 Rf3+ 35. Kxd4 Rxg3 36.
Re7+ Kb8 37. Rh7 Rg4+ 38. Kd5 Rgxc4 39. Re8+ Rc8 40. Rxc8+ Rxc8 41. Rxh6 Rc2 42. a4 Ra2 43. Kc6 Rc2+ 44. Kb5 Ra2 45. Rh8+ Kb7 46. Rh7+ Kb8 47. h6 Rh2 48. Ka6 Ra2 49. Rb7+ Kc8 50. Rxa7 Rxa4+ 51. Kxb6 Rxb4+ 52. Kc6 Rc4+ 53. Kd6 Rh4 54.
h7 Kb8 55. Rg7 Rh6+ 56. Ke5 Rh5+ 57. Kf6 Rh1 58. Rg8+ Kc7 59. h8=Q Rxh8 60. Rxh8 1-0

[Event "Late-Titled-Tuesday-Blitz-September-05-2023"]
[Site "Chess.com"]
[Date "2023.09.05"]
[Round "5"]
[White "traack"]
[Black "IlanSchnaider"]
[Result "0-1"]
[WhiteElo "2368"]
[BlackElo "2743"]
[TimeControl "180+1"]
[EndTime "14:56:43 PDT"]
[Termination "IlanSchnaider won by checkmate"]

1. e4 e5 2. Nf3 Nc6 3. Nc3 Nf6 4. a3 Bc5 5. Nxe5 Nxe5 6. d4 Bxd4 7. Qxd4 Nc6 8. Qd3 O-O 9. Bg5 h6 10. Bh4 Ne5 11.
Qd2 Ng6 12. Bg3 d6 13. O-O-O Re8 14. Bd3 Be6 15. f4 Bg4 16. Rde1 c6 17. f5 Nf8 18. h3 Bh5 19. Bh4 g5 20. fxg6 Bxg6 21. Qxh6 Re5 22. g4 N8d7 23. Bg3 Re6 24. Bc4 d5 25.
exd5 cxd5 26. Nxd5 Rxe1+ 27. Rxe1 Nxd5 28. Bxd5 Qf6 29. Bh4 Qd6 30. Rd1 Qb6 31. Qg5 Rc8 32.
c3 Rf8 33. Qf4 Nc5 34. Bc4 Nb3+ 35. Bxb3 Qxb3 36. Bf6 Qc2# 0-1

[Event "Late-Titled-Tuesday-Blitz-September-05-2023"]
[Site "Chess.com"]
[Date "2023.09.05"]
[Round "5"]
[White "TheRigos"]
[Black "AradNazari"]
[Result "1-0"]
[WhiteElo "2554"]
[BlackElo "2703"]
[TimeControl "180+1"]
[EndTime "14:56:44 PDT"]
[Termination "TheRigos won on time"]

1. Nf3 c5 2. c4 Nc6 3. Nc3 g6 4. e3 Nf6 5. d4 cxd4 6. exd4 d5 7.
cxd5 Nxd5 8. Bc4 Nxc3 9. bxc3 Bg7 10. O-O O-O 11. Re1 Qc7 12. Bb3 Bg4 13. Ba3 Bf6 14. h3 Bxf3 15. Qxf3 Na5 16. Bd5 Rac8 17. Rab1 b6 18.
Bb4 Rfd8 19. Bxe7 Rxd5 20. Qxf6 Rf5 21. Qh4 Qxc3 22. Bf6 Qd2 23. Re4 Nb7 24. Rbe1 Nd6 25.
R4e2 Qd3 26. Be5 Ne8 27. Qh6 f6 28. Bg3 Qb5 29. Re7 Rh5 30. Qe3 Ng7 31. Qe4 Qf5 32. Qe3 Qd5 33. Rxa7 Nf5 34. Qe8+ 1-0